 Dungeon Crawl Stone Soup version 0.28.0-53-g5a82cb258f (webtiles) character file.

Game seed: 18293533469009189208

360 safid the Cleaver (level 6, 0/52 HPs)
             Began as a Hill Orc Fighter on July 11, 2022.
             Slain by a kobold brigand
             ... wielding a +0 short sword
              (7 damage)
             ... in a sewer.
             The game lasted 00:05:38 (3585 turns).

safid the Cleaver (Hill Orc Fighter)                Turns: 3585, Time: 00:05:38

Health: 0/52       AC:  9    Str: 21    XL:     6   Next: 65%
Magic:  6/6        EV:  9    Int:  8    God:
Gold:   88         SH:  4    Dex: 10    Spells: 5/5 levels left

rFire   . . .      SeeInvis +   a - +0 war axe
rCold   . . .      Faith    .   c - +0 buckler
rNeg    . . .      Spirit   .   b - +0 scale mail
rPois   .          Reflect  .   (no helmet)
rElec   .          Harm     .   e - +0 cloak
rCorr   .          Rampage  .   (no gloves)
Will    .....                   n - +0 pair of boots
Stlth   ..........              (no amulet)
HPRegen 0.17/turn               m - ring of see invisible
MPRegen 0.10/turn               (no ring)

@: slowed, very slow
A: no striking features
a: no special abilities


You were in a sewer.
You visited 1 branch of the dungeon, and saw 4 of its levels.
You also visited: Sewer.

You collected 88 gold pieces.

Inventory:

Hand Weapons
 a - a +0 war axe (weapon)
Missiles
 q - 6 poisoned darts (quivered)
Armour
 b - a +0 scale mail (worn)
 c - a +0 buckler (worn)
 e - a +0 cloak (worn)
 n - a +0 pair of boots (worn)
Jewellery
 m - a ring of see invisible (left hand)
Scrolls
 f - a scroll of silence {unknown}
 g - a scroll of acquirement {unknown}
 h - 2 scrolls of identify {unknown}
 i - 3 scrolls of teleportation {unknown}
 j - a scroll of vulnerability {unknown}
 l - a scroll of fog {unknown}
 o - a scroll of summoning {unknown}
 p - a scroll of magic mapping {unknown}
 r - a scroll of enchant armour {unknown}
 s - a scroll of blinking {unknown}
Potions
 d - a potion of might
 k - a potion of invisibility {unknown}


   Skills:
 - Level 4.0 Fighting
 + Level 8.0 Axes
 - Level 4.0 Armour
 - Level 4.0 Shields


You had 5 spell levels left.
You didn't know any spells.
Your spell library was empty.

Dungeon Overview and Level Annotations

Branches:
Dungeon (4/15)              Sewer (1/1)
 Temple: D:4-7

Altars:
Uskayaw


Message History

The kobold brigand splashes around in the water.
The kobold brigand closely misses you.
Your unstable footing causes you to fumble your attack.
You feel sick.
The kobold brigand splashes around in the water.
The kobold brigand hits you but does no damage.
The kobold brigand splashes around in the water.
Unknown command.
You closely miss the kobold brigand. x2; You feel sick.
The kobold brigand closely misses you.
The kobold brigand hits you but does no damage.
The kobold brigand hits you with a +0 short sword.
* * * LOW HITPOINT WARNING * * *
The kobold brigand barely misses you.
Unknown command.
You feel sick.
You are no longer poisoned.
The kobold brigand hits you with a +0 club.
* * * LOW HITPOINT WARNING * * *
The kobold brigand hits you with a +0 club.
* * * LOW HITPOINT WARNING * * *
The kobold brigand splashes around in the water.
You slash the kobold brigand!
The kobold brigand is moderately wounded.
You hit the kobold brigand but do no damage.
The kobold brigand splashes around in the water.
The kobold brigand hits you but does no damage.
The kobold brigand splashes around in the water.
The kobold brigand completely misses you.
Your unstable footing causes you to fumble your attack.
The kobold brigand splashes around in the water.
You block the kobold brigand's attack.
Unknown command.
Okay, then.
You slash the kobold brigand!
The kobold brigand is heavily wounded.
You slash the kobold brigand!
The kobold brigand splashes around in the water.
The kobold brigand hits you with a +0 short sword!
You die...

#≈≈≈.≈≈≈ #≈≈≈≈... ##
##≈≈≈.≈.. ≈≈≈≈#####
##..≈≈≈...
#.≈≈≈.####..≈.##≈≈≈
≈≈≈≈###≈..≈.≈≈≈####.≈
####### #≈≈≈.≈≈≈≈#
#≈.
#.≈≈≈K###≈≈.≈≈..## ≈≈
#####K@.≈.####### .≈
#.≈≈≈≈##### # #######


You could see 2 kobold brigands.

Vanquished Creatures
  A kobold brigand (Sewer)
  A hound (D:2)
  3 jellies
  An iguana (D:4)
  2 adders
  A river rat (Sewer)
  2 worms
  2 dart slugs
  8 orcs
  11 endoplasms
  6 giant cockroaches
  4 goblins
  2 hobgoblins
  6 jackals
  2 quokkas
  7 ball pythons
  7 bats
  7 frilled lizards
  21 kobolds
  5 rats
99 creatures vanquished.

Vanquished Creatures (others)
  4 fungi (D:3)
  9 toadstools (D:3)
13 creatures vanquished.

Grand Total: 112 creatures vanquished

Notes
Turn   | Place    | Note
-------+----------+-------------------------------------------
     0 | D:1      | safid the Hill Orc Fighter began the quest for the Orb.
     0 | D:1      | Reached XP level 1. HP: 19/19 MP: 1/1
   119 | D:1      | You fall into a shaft and drop 1 floor!
   126 | D:2      | Reached skill level 3 in Axes
   126 | D:2      | Reached XP level 2. HP: 26/27 MP: 2/2
   163 | D:1      | Reached XP level 3. HP: 22/33 MP: 3/3
   804 | D:2      | Found a faded altar of an unknown god.
  1415 | D:2      | Reached skill level 4 in Axes
  1415 | D:2      | Reached XP level 4. HP: 19/40 MP: 4/4
  1834 | D:3      | HP: 1/40 [poisoned by an orc]
  2281 | D:3      | Reached skill level 5 in Axes
  2454 | D:3      | Reached XP level 5. HP: 41/46 MP: 5/5
  2568 | D:3      | Reached skill level 6 in Axes
  2932 | D:4      | Reached XP level 6. HP: 40/52 MP: 6/6
  2937 | D:4      | Reached skill level 7 in Axes
  2997 | D:4      | Found a hide-covered altar of Uskayaw.
  3064 | D:4      | Found a glowing drain.
  3087 | Sewer    | Entered a sewer
  3478 | Sewer    | Reached skill level 8 in Axes
  3585 | Sewer    | Slain by a kobold brigand

Illustrated notes

Levels and vault maps discovered:
D:1:      lightli_arrival_isolated_outpost, layout_rooms, minmay_misc_feat_alley
D:2:      layout_basic, shapermc_ecumenical_altar_starsandcircs
D:3:      cheibrodos_fertilizer, layout_basic, minmay_misc_feat_x
D:4:      layout_loops_cross, lemuel_tele_altar, cheibrodos_sewer_entry_drain
Sewer:    sewer_co_tree

Skill      XL: |  1  2  3  4  5  6 |
---------------+-------------------+-----
Axes           | 3 4 5 6 8 |  8.0
Fighting       | 4 |  4.0
Armour         | 4 |  4.0
Shields        | 4 |  4.0

Action                   |  1- 3 |  4- 6 || total
-------------------------+-------+-------++-------
Melee: War axe           |   113 |   160 ||   273
  Use: Potion            |       |     2 ||     2
Armor: Scale mail        |    64 |    47 ||   111
Dodge: Dodged            |    91 |    61 ||   152
Block: Buckler           |    37 |    26 ||    63
